AoeStats
← CNC肥

Hideout

503069974Analyzed
4v4 RM · 1mo ago on Aug 30, 2026· 25m 36s· 8 players
Game mode
Random Map
Map size
Large (8 player)
Population
200
Speed
Normal
Resources
Standard
Victory
Conquest
Starting age
Dark Age
Ending age
Imperial Age
RankedLock teamsTeams togetherTeam positionsShared explorationLock speedFull tech treeHidden civsTurbo modeCheats
Victory
Defeat
🇨🇳 Magyars · China
1563
+16
🇨🇳 Britons · China
1539
+17
🇭🇰 Portuguese · Hong Kong SAR China
1520
+18
🇨🇳 Mongols · China
1469
+20
🇺🇸 Malay · United States
1629
-21
🇺🇸 Portuguese · United States
1566
-18
🇨🇱 Khmer · Chile
1561
-18
🇹🇼 Franks · Taiwan
1459
-13
中药人
8:36 Feudal Age
9:05 Double-Bit Axe
12:34 Fletching
14:43 Horse Collar
20:55 Castle Age
20:03 Padded Archer Armor
19:56 Gold Mining
20:02 Town Watch
21:03 Crossbowman
22:01 Bow Saw
22:05 Bodkin Arrow
25:53 Wheelbarrow
26:11 Ballistics
你朋友
10:45 Feudal Age
9:53 Loom
14:28 Castle Age
13:21 Double-Bit Axe
13:30 Gold Mining
14:40 Horse Collar
21:02 Town Watch
24:42 Wheelbarrow
28:45 Imperial Age
CNC肥
11:19 Feudal Age
11:40 Loom
15:08 Castle Age
13:11 Double-Bit Axe
13:25 Horse Collar
16:05 Bow Saw
16:16 Heavy Plow
胖子事情多
10:55 Feudal Age
14:38 Castle Age
12:59 Double-Bit Axe
13:26 Horse Collar
15:34 Scale Barding Armor
20:59 Bloodlines
23:09 Wheelbarrow
24:08 Husbandry
optimal_brain_damage
12:16 Feudal Age
12:38 Feudal Age
12:56 Double-Bit Axe
15:38 Castle Age
13:52 Horse Collar
14:16 Double-Bit Axe
14:41 Gold Mining
18:17 Loom
19:50 Scale Barding Armor
21:13 Wheelbarrow
21:44 Bow Saw
24:43 Heavy Plow
24:58 Fletching
Fluffy Chirp
9:17 Feudal Age
8:51 Loom
12:49 Castle Age
Yagami_Light
Jhih
10:54 Feudal Age
14:57 Castle Age
13:09 Double-Bit Axe
14:37 Scale Barding Armor
15:06 Forging
18:34 Husbandry
25:24 Chain Barding Armor
Connection lost

Rejoining the realm…

Still unreachable

The connection could not be restored.

Session expired

The server has moved on; the page needs a fresh start.